 Dungeon Crawl Stone Soup version 0.19-a0-1497-g263cb6d (webtiles) character file.

364 Drak the Conjurer (level 6, -1/36 HPs)
             Began as an Octopode Wizard on Sept 9, 2016.
             Slain by a phantom (8 damage)
             ... on level 4 of the Dungeon on Sept 10, 2016.
             The game lasted 00:16:01 (3490 turns).

Drak the Conjurer (Octopode Wizard)                 Turns: 3490, Time: 00:16:02

Health: -1/36      AC:  6    Str:  6    XL:     6   Next: 67%
Magic:  3/10       EV: 23    Int: 22    God:
Gold:   127        SH:  0    Dex: 16    Spells: 4 memorised, 3 levels left

rFire  . . .     SeeInvis .     e - +2 rapier (protect)
rCold  . . .     Gourm    .     (no shield)
rNeg   . . .     Faith    .     a - +0 hat
rPois  .         Spirit   .     q - amulet of magic regeneration
rElec  .         Dismiss  .     t - +4 ring of evasion
rCorr  .         Reflect  .     (no ring)
MR     .....     Harm     .     (no ring)
Stlth  ++++......               (no ring)
                                (no ring)
                                (no ring)
                                (no ring)
                                (no ring)

@: agile, flying
A: almost no armour, stealthy swim, amphibious, 8 rings, constrict 8, camouflage
1, gelatinous body 1
a: no special abilities


You were on level 4 of the Dungeon.
You were not hungry.

You visited 1 branch of the dungeon, and saw 4 of its levels.

You collected 127 gold pieces.

Inventory:

Hand Weapons
 e - a +2 rapier of protection (weapon)
 j - a +0 dagger
 w - a -1 blowgun
Missiles
 x - 3 poisoned needles
Armour
 a - a +0 hat (worn)
Jewellery
 q - an amulet of magic regeneration (around mantle)
 s - an uncursed amulet of regeneration
 t - a +4 ring of evasion (left tentacle)
Scrolls
 d - 2 scrolls of enchant armour {unknown}
 f - a scroll of recharging {unknown}
 h - 2 scrolls of identify
 k - a scroll of teleportation {unknown}
 m - 3 scrolls of remove curse
 o - a scroll of enchant weapon {unknown}
 v - 2 scrolls of fog {unknown}
Potions
 i - 3 potions of flight
 l - a potion of lignification {unknown}
 p - a potion of invisibility {unknown}
Books
 b - a book of Minor Magic

   Spells                             Type                      Level
   a - Magic Dart                     Conjuration                  1
   b - Blink                          Translocation                2
   c - Call Imp                       Summoning                    2
   d - Repel Missiles                 Charms/Air                   2
   e - Slow                           Hexes                        2
   f - Conjure Flame                  Conjuration/Fire             3
   g - Mephitic Cloud                 Conjuration/Poison/Air       3
Comestibles
 c - 4 bread rations
 g - a meat ration


   Skills:
 - Level 2.0 Dodging
 - Level 2.6 Stealth
 - Level 3.0 Spellcasting
 + Level 6.3 Conjurations
 - Level 2.0 Summonings
   Level 1.0 Translocations


You had 3 spell levels left.
You knew the following spells:

 Your Spells              Type           Power        Failure   Level  Hunger
a - Magic Dart            Conj           ####         1%          1    None
b - Call Imp              Summ           ##......     10%         2    ##.....
c - Repel Missiles        Chrm/Air       #.....       21%         2    ##.....
d - Conjure Flame         Conj/Fire      ###.....     12%         3    ###....


Dungeon Overview and Level Annotations

Branches:
Dungeon (4/15)
 Temple: D:4-7

Altars:
Kikubaaqudgha


Innate Abilities, Weirdness & Mutations

You cannot wear most types of armour.
You are very stealthy in the water.
You are amphibious.
You can wear up to eight rings at the same time.
You can use your tentacles to constrict eight enemies at once.
Your skin changes colour to match your surroundings (Stealth+).
Your rubbery body absorbs attacks. (AC +1, EV +1)


Message History

Your crimson imp hits the phantom but does no damage.
Unknown command.
Your white imp disappears in a puff of smoke!
The phantom blinks!
You swap places.
Your crimson imp barely misses the phantom.
The phantom blinks!
Your crimson imp blinks!
You see here a giant cockroach corpse.
Your crimson imp blinks! x2
Things that are here:
a rapier of protection; a black potion; the elf corpse of Duvessa
e - a rapier of protection The phantom misses you.
Your crimson imp blinks!
Wield which item (- for none, * to show all)? (? for menu, Esc to quit)
You feel protected!
e - a +2 rapier of protection (weapon)
The phantom hits you!
You die...

. # ####.. #
######...... #
###........... #
#..≈....⌠.§.# #
#.≈≈≈≈....#. .
#..≈≈†≈..## #.)≈≈W...##
#.≈≈@5≈≈..#
###..5.5..≈.#
#^..⌠....._.# .
##.#...##....# ...
##..#..########...W....
##..##.[...........#
#..
#.............W..###
#.#
####................#
#.#
#..........§.........##
#.#


You could see a phantom and 3 friendly crimson imps.

Vanquished Creatures
  Duvessa (D:4)
  Dowan (D:4)
  A centaur skeleton (D:3)
  Jessica (D:3)
  Terence (D:3)
  A worker ant (D:3)
  An adder (D:2)
  4 worms
  A dart slug (D:2)
  3 giant geckos
  5 orcs
  2 ball pythons
  2 giant cockroaches
  6 goblins
  6 hobgoblins
  3 jackals (D:2)
  3 quokkas
  7 bats
  4 giant newts
  5 kobolds
  5 rats
63 creatures vanquished.

Vanquished Creatures (collateral kills)
  An orc priest (D:4)
  An orc wizard (D:4)
  An adder (D:4)
  5 orcs (D:4)
  A giant cockroach (D:4)
  A ball python (D:4)
10 creatures vanquished.

Grand Total: 73 creatures vanquished

Notes
Turn   | Place    | Note
-------+----------+-------------------------------------------
     0 | D:1      | Drak the Octopode Wizard began the quest for the Orb.
     0 | D:1      | Reached XP level 1. HP: 11/11 MP: 4/4
   214 | D:1      | Reached skill level 2 in Conjurations
   214 | D:1      | Reached XP level 2. HP: 17/17 MP: 3/6
   218 | D:1      | Learned a level 2 spell: Call Imp
   221 | D:1      | Learned a level 2 spell: Repel Missiles
   850 | D:2      | Reached XP level 3. HP: 12/21 MP: 4/7
   993 | D:2      | Reached skill level 3 in Conjurations
  1586 | D:2      | Upgraded the game from 0.19-a0-1496-gfc80c20 to 0.19-a0-1497-g263cb6d
  1785 | D:3      | Reached XP level 4. HP: 26/27 MP: 8/8
  1855 | D:3      | Noticed Jessica
  1871 | D:3      | Killed Jessica
  2236 | D:3      | Noticed Terence
  2415 | D:3      | Killed Terence
  2415 | D:3      | Reached skill level 4 in Conjurations
  2415 | D:3      | Reached XP level 5. HP: 31/31 MP: 9/9
  2624 | D:3      | Learned a level 3 spell: Conjure Flame
  2683 | D:4      | Noticed Duvessa
  2685 | D:4      | Noticed Dowan
  2733 | D:4      | Reached skill level 5 in Conjurations
  2778 | D:4      | Found an ancient bone altar of Kikubaaqudgha.
  2798 | D:4      | Noticed a phantom
  3071 | D:4      | Killed Dowan
  3071 | D:4      | Reached XP level 6. HP: 36/36 MP: 3/10
  3461 | D:4      | Killed Duvessa
  3461 | D:4      | Reached skill level 6 in Conjurations
  3490 | D:4      | Slain by a phantom

Vault maps used:
D:1:      dpeg_arrival_tiny_i
D:3:      first_bread, uniq_jessica, uniq_terence
D:4:      kiku_gazebo_pond_becter, gup_sewer_entry_pipe, uniq_duvessa

Skill      XL: |  1  2  3  4  5  6 |
---------------+-------------------+-----
Conjurations   | 2 3 4 5 6 |  6.3
Summonings     | 2 |  2.0
Dodging        | |  2.0
Stealth        | |  2.6
Spellcasting   | |  3.0
Translocations | |  1.0

Action                   |  1- 3 |  4- 6 || total
-------------------------+-------+-------++-------
Melee: Unarmed           |    38 |       ||    38
       Constrict         |    15 |    10 ||    25
       Tentacles         |     9 |     8 ||    17
       Dagger            |    32 |    33 ||    65
 Fire: Blowgun           |       |     3 ||     3
Throw: Throwing net      |       |     2 ||     2
 Cast: Magic Dart        |    55 |    74 ||   129
       Repel Missiles    |     1 |       ||     1
       Call Imp          |       |    24 ||    24
  Use: Scroll            |       |     6 ||     6
       Potion            |       |     5 ||     5
 Stab: Sleeping          |     3 |     1 ||     4
       Held in net/web   |       |     2 ||     2
  Eat: Chunk             |     3 |     4 ||     7
       Meat ration       |       |     1 ||     1
Armor: Skin              |     6 |     1 ||     7
Dodge: Dodged            |    47 |    31 ||    78
       Deflected         |       |     1 ||     1
